 Dungeon Crawl Stone Soup version 0.29-a0-2-g12fcac58f8 (webtiles) character file.

Game seed: 4805158828310010798

101 Hasart the Skirmisher (level 4, -2/49 HPs)
             Began as an Ogre Fighter on Jan 27, 2022.
             Slain by a gnoll (6 damage)
             ... on level 2 of the Dungeon.
             The game lasted 00:03:10 (2257 turns).

Hasart the Skirmisher (Ogre Fighter)                Turns: 2257, Time: 00:03:10

Health: -2/49      AC:  3    Str: 20    XL:     4   Next: 75%
Magic:  4/4        EV:  9    Int:  9    God:
Gold:   63         SH:  7    Dex: 10    Spells: 3/3 levels left

rFire   . . .      SeeInvis .   a - +0 war axe
rCold   . . .      Faith    .   c - +0 kite shield
rNeg    . . .      Spirit   .   b - +0 robe
rPois   .          Reflect  .   (helmet restricted)
rElec   .          Harm     .   (no cloak)
rCorr   .          Rampage  .   (gloves unavailable)
Will    .....                   (boots unavailable)
Stlth   +.........              (no amulet)
HPRegen 0.16/turn               (no ring)
MPRegen 0.09/turn               (no ring)

@: no status effects
A: large, unfitting armour, tough skin 1
a: no special abilities


You were on level 2 of the Dungeon.
You visited 1 branch of the dungeon, and saw 2 of its levels.

You collected 63 gold pieces.

Inventory:

Hand Weapons
 a - a +0 war axe (weapon)
Missiles
 e - 3 javelins (quivered)
Armour
 b - a +0 robe (worn)
 c - a +0 kite shield (worn)
Scrolls
 f - 3 scrolls of identify {unknown}
 h - a scroll of enchant armour {unknown}
 i - a scroll of fear {unknown}
 j - a scroll of teleportation {unknown}
Potions
 d - a potion of might
 g - a potion of invisibility {unknown}
 k - a potion of heal wounds {unknown}


   Skills:
 + Level 4.5 Fighting
 * Level 3.3 Axes
 + Level 1.4 Throwing
 + Level 3.1 Dodging
 + Level 3.0 Shields


You had 3 spell levels left.
You didn't know any spells.
Your spell library was empty.

Dungeon Overview and Level Annotations

Branches:
Dungeon (2/15)

Altars:


Innate Abilities, Weirdness & Mutations

You are too large for most types of armour.
You have tough skin. (AC +1)


Message History

No target in view!
No target in view!
There is an open door here.
You open the door.
There is an open door here.
Found a stone staircase leading down.
There is a stone staircase leading down here.
There are monsters nearby!
The gnoll shouts!
You block the gnoll's attack.
You hit the gnoll but do no damage.
The gnoll hits you from afar with a +0 spear.
The gnoll hits you with a +0 flail.
You barely miss the gnoll. The gnoll barely misses you. x2
The gnoll hits you from afar with a +0 spear.
The gnoll hits you with a +0 flail!
You hit the gnoll.
The gnoll is lightly wounded.
You block the gnoll's attack. The gnoll closely misses you.
You hit the gnoll.
The gnoll is moderately wounded.
You block the gnoll's attack. The gnoll hits you with a +0 flail.
The gnoll hits you from afar with a +0 spear.
The gnoll barely misses you.
You closely miss the gnoll.
The gnoll is moderately wounded.
The gnoll barely misses you. The gnoll closely misses you.
The gnoll hits you with a +0 flail!
* * * LOW HITPOINT WARNING * * *
A gnoll comes into view. It is wielding a +0 flail.
You barely miss the gnoll. You closely miss the gnoll.
The gnoll hits you with a +0 flail!
* * * LOW HITPOINT WARNING * * *
You block the gnoll's attack.
The gnoll hits you from afar with a +0 spear.
* * * LOW HITPOINT WARNING * * *
You block the gnoll's attack.
You barely miss the gnoll. You hit the gnoll.
The gnoll hits you with a +0 flail.
You die...

......# #.# ......# #.#
.######################.##
.# #.........#...g.....#
.# ##'#######.#.######..#
.# #..........#.# #..# .#
#..........#g# #..# .#
#.........##g# #..# >#
##.####.####@# #..# .#
#.####.####g# #..# .#
#.#.........# #..# .#
#.#.........# #..# .#
#.#.....<...# #..# .#
#.####.###########..####
)# #.# #.##......g.......#
.# #.# #)##.###########.##
.# #.# #.##..........##.#


You could see 3 gnolls.

Vanquished Creatures
  A gnoll (D:1)
  3 adders (D:2)
  2 dart slugs (D:1)
  7 ball pythons (D:1)
  7 bats
  5 endoplasms
  3 giant cockroaches (D:1)
  3 goblins
  6 hobgoblins
  4 jackals (D:1)
  A quokka (D:1)
  4 frilled lizards
  7 kobolds
  6 rats
59 creatures vanquished.

Notes
Turn   | Place    | Note
-------+----------+-------------------------------------------
     0 | D:1      | Hasart the Ogre Fighter began the quest for the Orb.
     0 | D:1      | Reached XP level 1. HP: 24/24 MP: 1/1
   208 | D:1      | Reached XP level 2. HP: 32/32 MP: 2/2
   471 | D:1      | Reached XP level 3. HP: 36/39 MP: 3/3
   640 | D:1      | Reached skill level 1 in Throwing
  1290 | D:2      | Reached XP level 4. HP: 49/49 MP: 4/4
  1699 | D:2      | Found a faded altar of an unknown god.
  2257 | D:2      | Slain by a gnoll

Illustrated notes

Levels and vault maps discovered:
D:1:      minmay_arrival_semitransparent, layout_basic
D:2:      layout_basic, chequers_ecumenical_altar_lobes, kennysheep_small_spiral

Skill      XL: |  1  2  3  4 |
---------------+-------------+-----
Throwing       | 1 |  1.4
Axes           | 3 |  3.3
Shields        | 3 |  3.0
Dodging        | 3 |  3.1
Fighting       | |  4.5

Action                   |  1- 3 |  4- 6 || total
-------------------------+-------+-------++-------
Melee: War axe           |   110 |    60 ||   170
Armor: Robe              |    29 |     9 ||    38
Dodge: Dodged            |    51 |    29 ||    80
Block: Kite shield       |    51 |    31 ||    82

Table legend: (Time is in decaauts)
 A = Elapsed time spent in this place.
 B = Non-inter-level travel time spent in this place.
 C = Inter-level travel time spent in this place.
 D = Time resting spent in this place.
 E = Time spent auto-exploring this place.
 F = Levels seen in this place.
 G = Mean time per level.
                   A        B        C        D        E       F      G
               +--------+--------+--------+--------+--------+-----+--------+
         Total |   2343 |   2314 |     29 |      0 |   1790 |   2 | 1171.5 |
       Dungeon |   2343 |   2314 |     29 |      0 |   1790 |   2 | 1171.5 |
               +--------+--------+--------+--------+--------+-----+--------+

Top non-repeatable levels by time:
     D:2: 1219 daAuts
     D:1: 1123 daAuts
